PCL
MILE HIGH BRONCOS @ VANCOUVER VIPERS
07/13/2023
 
TOP OF THE 1ST
Mile High Broncos batting - Pitching for Vancouver Vipers : RHP Jason Taylor
Pitching: RHP Jason Taylor
Batting: RHB Damian Yates 0-0: Ball
1-0: SINGLE (Groundball, 56)
Batting: LHB Diego González 0-0: Ball
1-0: Foul Ball, location: 2F
1-1: Ball
2-1: Swinging Strike
2-2: Strikes out swinging
Batting: RHB António Martínez 0-0: Called Strike
0-1: Ball
1-1: Ground out 4-3 (Groundball, 4MS)
Damian Yates to second
Batting: RHB Phil White 0-0: Called Strike
0-1: Ball
1-1: Ball
2-1: Swinging Strike
2-2: Strikes out looking
Top of the 1st over - 0 run(s), 1 hit(s), 0 error(s), 1 left on base; Mile High 0 - Vancouver 0
BOTTOM OF THE 1ST
Vancouver Vipers batting - Pitching for Mile High Broncos : RHP Bob Smith
Pitching: RHP Bob Smith
Batting: RHB Guillermo Sánchez 0-0: Foul Ball, location: 2F
0-1: Foul Ball, location: 2F
0-2: Foul Ball, location: 2F
0-2: Foul Ball, location: 2F
0-2: Foul Ball, location: 2F
0-2: Ball
1-2: Strikes out swinging
Batting: LHB Mike Williams 0-0: Foul Ball, location: 2F
0-1: Swinging Strike
0-2: Strikes out swinging
Batting: RHB Dan Tyler 0-0: Called Strike
0-1: Ball
1-1: Foul Ball, location: 2F
1-2: Hit by Pitch
Batting: RHB Xavier Feliciano 0-0: Ball
1-0: Called Strike
1-1: Foul Ball, location: 2F
1-2: Ball
2-2: Fielders Choice at 2nd, 5-4 (Groundball, 56)
Bottom of the 1st over - 0 run(s), 0 hit(s), 0 error(s), 0 left on base; Mile High 0 - Vancouver 0
TOP OF THE 2ND
Mile High Broncos batting - Pitching for Vancouver Vipers : RHP Jason Taylor
Batting: RHB Juan Jose Guevana 0-0: Swinging Strike
0-1: Ball
1-1: Ball
2-1: Ground out 6-3 (Groundball, 6)
Batting: LHB Bill Houston 0-0: Ball
1-0: Ground out 4-3 (Groundball, 4)
Batting: RHB Juan Gonzáles 0-0: Called Strike
0-1: Fly out, F6 (Popup, 6M)
Top of the 2nd over - 0 run(s), 0 hit(s), 0 error(s), 0 left on base; Mile High 0 - Vancouver 0
BOTTOM OF THE 2ND
Vancouver Vipers batting - Pitching for Mile High Broncos : RHP Bob Smith
Batting: RHB Arthur Dumais 0-0: Swinging Strike
0-1: Called Strike
0-2: Ball
1-2: Foul Ball, location: 2F
1-2: Ball
2-2: Foul Ball, location: 2F
2-2: Ball
3-2: Strikes out looking
Batting: LHB Cipriano Miranda 0-0: Swinging Strike
0-1: Foul Ball, location: 2F
0-2: Ball
1-2: Ball
2-2: Foul Ball, location: 2F
2-2: SINGLE (Flyball, 7LS)
Batting: RHB Lorenzo González 0-0: Called Strike
0-1: Ball
1-1: Called Strike
1-2: Strikes out swinging
Batting: RHB Tomás Estrada 0-0: Ball
1-0: Foul Ball, location: 2F
1-1: Foul Ball, location: 2F
1-2: Ball
2-2: Foul Ball, location: 2F
2-2: Foul Ball, location: 2F
2-2: Foul Ball, location: 2F
2-2: Reached on error, E6 (Groundball, 6)
Cipriano Miranda to second
Batting: RHB Kenneth Corbitt 0-0: Ball
1-0: Called Strike
1-1: Ball
2-1: Fly out, F1 (Line Drive, 13S)
Bottom of the 2nd over - 0 run(s), 1 hit(s), 1 error(s), 2 left on base; Mile High 0 - Vancouver 0
TOP OF THE 3RD
Mile High Broncos batting - Pitching for Vancouver Vipers : RHP Jason Taylor
Batting: RHB Ximena Campos 0-0: Ball
1-0: Fly out, F6 (Popup, 56D)
Batting: SHB Tom Stevens 0-0: Ball
1-0: Ball
2-0: Swinging Strike
2-1: Called Strike
2-2: Strikes out looking
Batting: RHB Damian Yates 0-0: SINGLE (Line Drive, 3D)
Batting: LHB Diego González 0-0: Called Strike
0-1: Ball
1-1: Ball
2-1: Foul Ball, location: 2F
2-2: 2-RUN HOME RUN (Flyball, 9LD), Distance : 376 ft
Batting: RHB António Martínez 0-0: Ball
1-0: Ball
2-0: Swinging Strike
2-1: Foul Ball, location: 2F
2-2: Strikes out swinging
Top of the 3rd over - 2 run(s), 2 hit(s), 0 error(s), 0 left on base; Mile High 2 - Vancouver 0
BOTTOM OF THE 3RD
Vancouver Vipers batting - Pitching for Mile High Broncos : RHP Bob Smith
Batting: RHB Guillermo Sánchez 0-0: Called Strike
0-1: Ball
1-1: Ball
2-1: Ball
3-1: Fly out, F8 (Flyball, 8RM)
Batting: LHB Mike Williams 0-0: Ball
1-0: Ball
2-0: Called Strike
2-1: Swinging Strike
2-2: Foul Ball, location: 2F
2-2: Ground out 4-3 (Groundball, 34)
Batting: RHB Dan Tyler 0-0: Called Strike
0-1: Swinging Strike
0-2: Strikes out swinging
Bottom of the 3rd over - 0 run(s), 0 hit(s), 0 error(s), 0 left on base; Mile High 2 - Vancouver 0
TOP OF THE 4TH
Mile High Broncos batting - Pitching for Vancouver Vipers : RHP Jason Taylor
Batting: RHB Phil White 0-0: Ball
1-0: Ball
2-0: Ball
3-0: Called Strike
3-1: Foul Ball, location: 2F
3-2: Base on Balls
Batting: RHB Juan Jose Guevana 0-0: Ball
Wild Pitch!
Phil White to second
1-0: Ball
2-0: Foul Ball, location: 2F
2-1: Called Strike
2-2: Ball
3-2: Foul Ball, location: 2F
3-2: Strikes out looking
Batting: LHB Bill Houston 0-0: Called Strike
0-1: Foul Ball, location: 2F
0-2: Ball
1-2: Ball
2-2: Foul Ball, location: 2F
2-2: Ball
3-2: Base on Balls
Batting: RHB Juan Gonzáles 0-0: Called Strike
0-1: SINGLE (Line Drive, 6)
Phil White to third
Bill Houston to second
Runner from 3rd tries for Home, SAFE, throw made at trailing runner, SAFE at third!
Batting: RHB Ximena Campos 0-0: Ball
1-0: Foul Ball, location: 2F
1-1: Foul Ball, location: 2F
1-2: Foul Ball, location: 2F
1-2: Fly out, F4 (Popup, 34)
Batting: SHB Tom Stevens 0-0: Swinging Strike
0-1: Foul Ball, location: 2F
0-2: Fly out, F7 (Popup, 7S)
Top of the 4th over - 1 run(s), 1 hit(s), 0 error(s), 2 left on base; Mile High 3 - Vancouver 0
BOTTOM OF THE 4TH
Vancouver Vipers batting - Pitching for Mile High Broncos : RHP Bob Smith
Batting: RHB Xavier Feliciano 0-0: Ball
1-0: Ball
2-0: Foul Ball, location: 2F
2-1: Fly out, F9 (Line Drive, 89D)
Batting: RHB Arthur Dumais 0-0: Called Strike
0-1: Ball
1-1: Ground out 6-3 (Groundball, 6)
Batting: LHB Cipriano Miranda 0-0: Ball
1-0: Called Strike
1-1: Foul Ball, location: 2F
1-2: Ball
2-2: Foul Ball, location: 2F
2-2: Strikes out swinging
Bottom of the 4th over - 0 run(s), 0 hit(s), 0 error(s), 0 left on base; Mile High 3 - Vancouver 0
TOP OF THE 5TH
Mile High Broncos batting - Pitching for Vancouver Vipers : RHP Jason Taylor
Batting: RHB Damian Yates 0-0: Called Strike
0-1: Ground out 4-3 (Groundball, 4)
Batting: LHB Diego González 0-0: Ball
1-0: Called Strike
1-1: Fly out, F9 (Flyball, 9S)
Batting: RHB António Martínez 0-0: Foul Ball, location: 2F
0-1: Foul Ball, location: 2F
0-2: Ball
1-2: Strikes out swinging
Top of the 5th over - 0 run(s), 0 hit(s), 0 error(s), 0 left on base; Mile High 3 - Vancouver 0
BOTTOM OF THE 5TH
Vancouver Vipers batting - Pitching for Mile High Broncos : RHP Bob Smith
Batting: RHB Lorenzo González 0-0: Called Strike
0-1: Called Strike
0-2: Foul Ball, location: 2F
0-2: Ball
1-2: Strikes out swinging
Batting: RHB Tomás Estrada 0-0: Ball
1-0: Called Strike
1-1: Ball
2-1: SINGLE (Flyball, 8RS)
Batting: RHB Kenneth Corbitt 0-0: Ball
1-0: Foul Ball, location: 2F
1-1: Called Strike
1-2: SINGLE (Line Drive, 8LS)
Tomás Estrada to second
Runner from 2nd tries for 3rd, SAFE, throw made to third
Batting: RHB Guillermo Sánchez 0-0: Ball
1-0: Ball
2-0: Ball
3-0: Base on Balls
Kenneth Corbitt to second
Batting: LHB Mike Williams 0-0: Ball
1-0: Ball
2-0: DOUBLE (Line Drive, 8RD)
Tomás Estrada scores
Kenneth Corbitt scores
Guillermo Sánchez to third
Pitching: RHP Myoung-chul Im
Batting: RHB Dan Tyler 0-0: Foul Ball, location: 2F
0-1: Ground out 1-3 (Groundball, 15S)
Batting: RHB Xavier Feliciano 0-0: Called Strike
0-1: Called Strike
0-2: Ball
1-2: Strikes out swinging
Bottom of the 5th over - 2 run(s), 3 hit(s), 0 error(s), 2 left on base; Mile High 3 - Vancouver 2
TOP OF THE 6TH
Mile High Broncos batting - Pitching for Vancouver Vipers : RHP Jason Taylor
Batting: RHB Phil White 0-0: Ball
1-0: Ball
2-0: Ball
3-0: Base on Balls
Batting: RHB Juan Jose Guevana 0-0: Swinging Strike
0-1: Swinging Strike
0-2: Strikes out swinging
Batting: LHB Bill Houston 0-0: Called Strike
0-1: Fly out, F4 (Popup, 4)
Batting: RHB Juan Gonzáles 0-0: Ground out 1-3 (Groundball, 13S)
Top of the 6th over - 0 run(s), 0 hit(s), 0 error(s), 1 left on base; Mile High 3 - Vancouver 2
BOTTOM OF THE 6TH
Vancouver Vipers batting - Pitching for Mile High Broncos : RHP Myoung-chul Im
Batting: RHB Arthur Dumais 0-0: Ball
1-0: Foul Ball, location: 2F
1-1: Swinging Strike
1-2: SINGLE (Groundball, 56D)
Batting: LHB Cipriano Miranda 0-0: Called Strike
0-1: Foul Ball, location: 2F
0-2: Strikes out swinging
Batting: RHB Lorenzo González 0-0: Ball
1-0: Ball
2-0: Ball
3-0: Fly out, F8 (Flyball, 8LS)
Batting: RHB Tomás Estrada 0-0: Ball
1-0: Ball
2-0: Called Strike
2-1: Swinging Strike
2-2: Foul Ball, location: 2F
2-2: Fly out, F8 (Flyball, 8LXD)
Bottom of the 6th over - 0 run(s), 1 hit(s), 0 error(s), 1 left on base; Mile High 3 - Vancouver 2
TOP OF THE 7TH
Mile High Broncos batting - Pitching for Vancouver Vipers : RHP Jason Taylor
Batting: RHB Ximena Campos 0-0: Ball
1-0: Fly out, F3 (Popup, 3F)
Batting: SHB Tom Stevens 0-0: Called Strike
0-1: Called Strike
0-2: SINGLE (Groundball, 56D)
Batting: RHB Damian Yates 0-0: Foul Ball, location: 2F
0-1: Called Strike
0-2: Ball
1-2: Strikes out swinging
Batting: LHB Diego González 0-0: Called Strike
0-1: Ball
1-1: Called Strike
1-2: Strikes out swinging
Top of the 7th over - 0 run(s), 1 hit(s), 0 error(s), 1 left on base; Mile High 3 - Vancouver 2
BOTTOM OF THE 7TH
Vancouver Vipers batting - Pitching for Mile High Broncos : RHP Myoung-chul Im
Batting: RHB Kenneth Corbitt 0-0: Called Strike
0-1: Swinging Strike
0-2: Strikes out looking
Pitching: LHP Mark Stewart
Batting: RHB Guillermo Sánchez 0-0: DOUBLE (Flyball, 89D)
Pinch Hitting: SHB Henry Copeland 0-0: Ball
1-0: Called Strike
1-1: Ball
2-1: Swinging Strike
2-2: SINGLE (Groundball, 15S) (infield hit)
Guillermo Sánchez to third
Batting: RHB Dan Tyler 0-0: Foul Ball, location: 2F
0-1: Swinging Strike
0-2: Ball
1-2: Ball
2-2: Foul Ball, location: 2F
2-2: Foul Ball, location: 2F
2-2: Fielders Choice at 2nd, 1-6 (Groundball, 15)
Batting: RHB Xavier Feliciano 0-0: Ground out 3-1 (Groundball, 34)
Bottom of the 7th over - 0 run(s), 2 hit(s), 0 error(s), 2 left on base; Mile High 3 - Vancouver 2
TOP OF THE 8TH
Mile High Broncos batting - Pitching for Vancouver Vipers : RHP Jason Taylor
Pitching: LHP Bill Wilson
Now in CF: Ray Spencer
Batting: RHB António Martínez 0-0: Ball
1-0: Ball
2-0: Called Strike
2-1: Ball
3-1: Foul Ball, location: 2F
3-2: Ground out 5-3 (Groundball, 56S)
Batting: RHB Phil White 0-0: Called Strike
0-1: Foul Ball, location: 2F
0-2: Ball
1-2: Strikes out looking
Batting: RHB Juan Jose Guevana 0-0: Ball
1-0: Called Strike
1-1: Ground out 5-3 (Groundball, 15S)
Top of the 8th over - 0 run(s), 0 hit(s), 0 error(s), 0 left on base; Mile High 3 - Vancouver 2
BOTTOM OF THE 8TH
Vancouver Vipers batting - Pitching for Mile High Broncos : LHP Mark Stewart
Pitching: RHP Dave Powers
Batting: RHB Arthur Dumais 0-0: Foul Ball, location: 2F
0-1: Foul Ball, location: 2F
0-2: DOUBLE (Line Drive, 3L)
Pinch Hitting: RHB Howard Lane 0-0: Ball
1-0: Ball
2-0: Called Strike
2-1: Ball
3-1: Bunt missed!
3-2: 2-RUN HOME RUN (Line Drive, 7D), Distance : 445 ft
Batting: RHB Lorenzo González 0-0: Ground out 6-3 (Groundball, 6)
Batting: RHB Tomás Estrada 0-0: Ground out 1-3 (Groundball, 13)
Batting: RHB Kenneth Corbitt 0-0: Swinging Strike
0-1: Ball
1-1: Foul Ball, location: 2F
1-2: Ground out 5-3 (Groundball, 15S)
Bottom of the 8th over - 2 run(s), 2 hit(s), 0 error(s), 0 left on base; Mile High 3 - Vancouver 4
TOP OF THE 9TH
Mile High Broncos batting - Pitching for Vancouver Vipers : LHP Bill Wilson
Pitching: RHP José García
Now at 2B: Kel Pierce
Now in RF: Malcolm Thomas
Batting: LHB Bill Houston 0-0: Fly out, F8 (Flyball, 8LD)
Batting: RHB Juan Gonzáles 0-0: Ball
1-0: Ball
2-0: Called Strike
2-1: Ball
3-1: Swinging Strike
3-2: DOUBLE (Flyball, 89D)
Batting: RHB Ximena Campos 0-0: Ball
1-0: Ball
2-0: Ground out U3 (Groundball, 3S)
Juan Gonzáles to third
Batting: SHB Tom Stevens 0-0: Called Strike
0-1: Ball
1-1: Ball
2-1: Foul Ball, location: 2F
2-2: Ball
3-2: Foul Ball, location: 2F
3-2: Foul Ball, location: 2F
3-2: Fly out, F7 (Flyball, 78S)
Top of the 9th over - 0 run(s), 1 hit(s), 0 error(s), 1 left on base; Mile High 3 - Vancouver 4
This league is powered by Out of the Park Baseball, the baseball management simulation game for PC, Mac and Linux
Wednesday, December 2nd, 2015 - OOTP Baseball 16.8 Build 38